 Dungeon Crawl Stone Soup version 0.31-a0-507-gbafd7f5274 (webtiles) character file.

Game seed: 16968562821431798749

79 horus123 the Digger (level 3, 0/26 HPs)
             Began as a Demigod Earth Elementalist on Aug 9, 2023.
             Slain by Terence
             ... wielding a +0 flail
              (4 damage)
             ... on level 2 of the Dungeon.
             The game lasted 00:02:38 (1481 turns).

horus123 the Digger (Demigod Earth Elementalist)    Turns: 1481, Time: 00:02:39

Health: 0/26       AC:  2    Str:  9    XL:     3   Next: 97%
Magic:  5/10       EV: 12    Int: 21    God:
Gold:   77         SH:  0    Dex: 14    Spells: 4/8 levels left

rFire   . . .        e - +2 dagger (protect)
rCold   . . .        (no shield)
rNeg    . . .        a - +0 robe
rPois   .            (no helmet)
rElec   .            (no cloak)
rCorr   .            (no gloves)
SInv    .            (no boots)
Will    .....        (no amulet)
Stlth   ++           (no ring)
HPRegen 0.24/turn    (no ring)
MPRegen 0.12/turn

%: no passive effects
@: no status effects
A: high MP 1, forlorn, divine attributes
a: no special abilities


You were on level 2 of the Dungeon.
You visited 1 branch of the dungeon, and saw 2 of its levels.

You collected 77 gold pieces.

Inventory:

Hand Weapons
 e - a +2 dagger of protection (weapon)
Armour
 a - a +0 robe (worn)
Scrolls
 c - a scroll of fog {unknown}
 d - a scroll of teleportation {unknown}
 f - a scroll of amnesia {unknown}
 g - 2 scrolls of immolation {unknown}
 h - 3 scrolls of identify {unknown}
Potions
 b - a potion of magic
 i - a potion of berserk rage {unknown}
 j - 2 potions of might {unknown}
 k - a potion of lignification {unknown}


   Skills:
 - Level 1.7 Dodging
 - Level 1.7 Stealth
 - Level 3.1 Spellcasting
 - Level 0.8 Transmutations
 + Level 3.6 Earth Magic


You had 4 spell levels left.
You knew the following spells:

 Your Spells              Type           Power      Damage    Failure   Level
a - Sandblast             Erth           36%        2d10      3%          1
b - Stone Arrow           Conj/Erth      20%        3d8       19%         3

Your spell library contained the following spells:

 Spells                   Type           Power      Damage    Failure   Level
 Passwall                 Tmut/Erth      10%        N/A       8%          2
 Petrify                  Tmut/Erth      12%        N/A       45%         4


Dungeon Overview and Level Annotations

Branches:
Dungeon (2/15)

Annotations:
D:2 Terence


Innate Abilities, Weirdness & Mutations

You have an increased reservoir of magic. (+10% MP)
You shall have no god before yourself.
Your divine heritage dramatically boosts your attributes as you level up.


Message History

You kill the jackal!
Your magical contamination has completely faded away.
You see here a jackal corpse.
A rat comes into view.
The blast of sand hits the rat!
You kill the rat!
A ball python comes into view.
The ball python hisses angrily.
You can't see any susceptible monsters within range! (Use Z to cast anyway.)
The blast of sand hits the ball python!
You kill the ball python!
Found a mace.
Found 6 stones.
A giant cockroach comes into view.
Found a stone staircase leading down.
You miscast Sandblast.
You are very lightly contaminated with residual magic.
Nothing appears to happen.
The blast of sand hits the giant cockroach.
The giant cockroach is heavily wounded.
You hear a shout!
Terence the Incautious comes into view.
He is wielding a +0 flail.
The blast of sand hits the giant cockroach but does no damage.
The giant cockroach is heavily wounded.
The giant cockroach closely misses you. The giant cockroach bites you.
The blast of sand hits the giant cockroach!
You kill the giant cockroach!
Terence hits you with a +0 flail!
The blast of sand hits Terence!
Terence is severely wounded.
Terence hits you with a +0 flail!
* * * LOW HITPOINT WARNING * * *
Your magical contamination has completely faded away.
Aiming: Sandblast (safe; 3% risk of failure)
Press: ? - help, Q - select action Shift-Dir - straight line, f/p - Terence
Aim: Terence, wielding a +0 flail and wearing a +0 scale mail (severely wounded, 84% to hit)
The blast of sand hits Terence.
Terence is severely wounded.
Terence barely misses you. Terence hits you with a +0 flail.
You die...

......# #########.....
...##.## #### #####.
.......### ...(. ##
.........##.###.# #
..###..#........# #
.......#.##.##..# .# #
######......##..##.#.#
###.#####.......#
###.###....@@.###
#.).......##†.#
#.....#.### ...#
#.....#.# ....#
#.....#.# ...##
#.....#.# .>##
#######.. .## ### ##


You could see Terence.

Vanquished Creatures
  Natasha (D:2)
  A worm (D:2)
  4 ball pythons
  8 endoplasms
  A giant cockroach (D:2)
  5 goblins (D:1)
  5 hobgoblins
  4 jackals
  2 quokkas (D:1)
  5 bats
  3 frilled lizards
  3 kobolds
  3 rats
45 creatures vanquished.

Notes
Turn   | Place    | Note
-------+----------+-------------------------------------------
     0 | D:1      | horus123 the Demigod Earth Elementalist began the quest for
                  | the Orb.
     0 | D:1      | Reached XP level 1. HP: 14/14 MP: 5/5
   166 | D:1      | Reached XP level 2. HP: 20/20 MP: 6/8
   629 | D:1      | Reached XP level 3. HP: 26/26 MP: 8/10
   633 | D:1      | Learned a level 3 spell: Stone Arrow
  1052 | D:2      | Noticed Natasha
  1059 | D:2      | Killed Natasha
  1477 | D:2      | Noticed Terence
  1481 | D:2      | Slain by Terence

Illustrated notes

Levels and vault maps discovered:
D:1:      minmay_arrival_wavy_path, layout_basic
D:2:      layout_loops_cross, basic_altar,
          hellmonk_ecumenical_altar_inner_sanctum, kennysheep_crisscross,
          minmay_tiny_reverse_x, uniq_natasha, uniq_terence

Skill      XL: |  1  2  3 |
---------------+----------+-----
Spellcasting   | 2 3 |  3.1
Earth Magic    | 3 |  3.6
Dodging        | |  1.7
Stealth        | |  1.7
Transmutations | |  0.8

Action                     || total
---------------------------++-------
  Melee: Dagger            ||    14
   Cast: Sandblast         ||    67
 Armour: Robe              ||     6
  Dodge: Dodged            ||    30

Table legend: (Time is in decaauts)
 A = Elapsed time spent in this place.
 B = Non-inter-level travel time spent in this place.
 C = Inter-level travel time spent in this place.
 D = Time resting spent in this place.
 E = Time spent auto-exploring this place.
 F = Levels seen in this place.
 G = Mean time per level.
                   A        B        C        D        E       F      G
               +--------+--------+--------+--------+--------+-----+--------+
         Total |   1512 |   1498 |     14 |     42 |   1232 |   2 |  756.0 |
       Dungeon |   1512 |   1498 |     14 |     42 |   1232 |   2 |  756.0 |
               +--------+--------+--------+--------+--------+-----+--------+

Top non-repeatable levels by time:
     D:1: 1060 daAuts
     D:2: 452 daAuts
